 Dungeon Crawl Stone Soup version 0.22.0-38-g04b72b8 (webtiles) character file.

5855 poirepourri the Cleaver (level 10, 0/96 HPs)
             Began as a Deep Dwarf Fighter on Aug 31, 2018.
             Was a Believer of Makhleb.
             Slain by a komodo dragon (24 damage)
             ... on level 2 of the Lair of Beasts.
             The game lasted 00:07:40 (5768 turns).

poirepourri the Cleaver (Deep Dwarf Fighter)        Turns: 5768, Time: 00:07:41

Health: 0/96       AC:  9    Str: 23    XL:     10   Next: 52%
Magic:  5/5        EV:  8    Int: 10    God:    Makhleb [**....]
Gold:   344        SH: 14    Dex: 15    Spells: 9/9 levels left

rFire    . . .     SeeInvis +   a - +2 war axe
rCold    . . .     Gourm    .   c - +4 shield
rNeg     + . .     Faith    .   y - +1 ring mail of Absolutism {MR++ Str+4 Int-2}
rPois    .         Spirit   .   A - +0 helmet of Zakhauha {rN+ Regen+ Int+2 SInv}
rElec    .         Reflect  .   (no cloak)
rCorr    .         Harm     .   w - +0 pair of gloves
MR       ++++.                  (no boots)
Stlth    +.........             (no amulet)
HPRegen  0.00/turn              k - ring of protection from magic
MPRegen  0.09/turn              (no ring)

@: non-regenerating
A: damage resistance, heal wounds, sense surroundings 2, no regeneration
a: Heal Wounds, Minor Destruction, Renounce Religion


You were on level 2 of the Lair of Beasts.
You worshipped Makhleb.
Makhleb was pleased with you.
You were not hungry.

You visited 3 branches of the dungeon, and saw 11 of its levels.

You collected 600 gold pieces.
You spent 256 gold pieces at shops.

Inventory:

Hand Weapons
 a - a +2 war axe (weapon)
 b - a +0 flail of holy wrath
Missiles
 m - 26 tomahawks (quivered)
 q - 10 javelins
 v - 20 bolts
Armour
 c - a +4 shield (worn)
 w - a +0 pair of gloves (worn)
 y - the +1 ring mail of Absolutism (worn) {MR++ Str+4 Int-2}
   (You found it on level 6 of the Dungeon)

   It affects your strength (+4).
   It affects your intelligence (-2).
   It affects your resistance to hostile enchantments.
 A - the +0 helmet of Zakhauha (worn) {rN+ Regen+ Int+2 SInv}
   (You bought it in a shop on level 6 of the Dungeon)

   It affects your intelligence (+2).
   It protects you from negative energy.
   It lets you see invisible.
   It increases your rate of regeneration.
Jewellery
 d - an uncursed ring of fire
 k - a ring of protection from magic (left hand)
 o - an uncursed ring of ice
 p - a +4 ring of intelligence {unknown}
Wands
 l - a wand of digging (32)
 r - a wand of enslavement (18)
 x - a wand of random effects (21)
Scrolls
 g - 3 scrolls of identify
 i - 5 scrolls of remove curse
 j - a scroll of fear {unknown}
 t - a scroll of teleportation
Potions
 e - 4 potions of haste
 h - 3 potions of agility
 n - 3 potions of lignification
 u - 2 potions of curing
 z - a potion of magic
Comestibles
 f - 14 rations


   Skills:
 + Level 8.2 Fighting
 - Level 14.2 Axes
 - Level 3.2 Armour
 - Level 3.2 Shields


You had 9 spell levels left.
You didn't know any spells.
Your spell library contained the following spells:

 Spells                   Type           Power        Failure   Level  Hunger
 Flame Tongue             Conj/Fire      #....        95%         1    ##.....
 Throw Flame              Conj/Fire      #.....       99%         2    ###....
 Conjure Flame            Conj/Fire      #.......     100%        3    ####...
 Inner Flame              Hex/Fire       #.......     100%        3    ####...
 Sticky Flame             Conj/Fire      #.......     100%        4    #####..
 Fireball                 Conj/Fire      #.........   100%        5    ######.


Dungeon Overview and Level Annotations

Branches:
Dungeon (8/15)             Temple (1/1) D:5            Lair (2/6) D:8
  Swamp: Lair:2-4    Shoals: Lair:2-4     Snake: Lair:2-4    Spider: Lair:2-4

Altars:
Ashenzari
Cheibriados
Dithmenos
Elyvilon
Fedhas
Gozag
Hepliaklqana
Kikubaaqudgha
Makhleb
Nemelex Xobeh
Okawaru
Qazlal
Ru
Sif Muna
Trog
Uskayaw
Wu Jian
Xom
Yredelemnul
Zin
The Shining One

Shops:
D:6 [

Portals:
Ossuary: D:7

Annotations:
D:4 3 runed doors, Hepliaklqana's ghost, novice MiFi


Innate Abilities, Weirdness & Mutations

You are resistant to damage.
You can heal yourself by infusing magical energy.
You passively map the area around you.
You do not regenerate.


Message History

You slash the komodo dragon!
The komodo dragon is severely wounded.
You slash the fungus!
You destroy the fungus!
You closely miss the komodo dragon.
The komodo dragon is severely wounded.
You block the komodo dragon's attack.
You hit the komodo dragon.
The komodo dragon is severely wounded.
You block the komodo dragon's attack.
You hit the komodo dragon.
The komodo dragon is severely wounded.
You block the komodo dragon's attack.
You closely miss the komodo dragon.
The komodo dragon is severely wounded.
The komodo dragon bites you.
You barely miss the komodo dragon.
The komodo dragon is severely wounded.
The komodo dragon bites you!!
You die...

* ##### *, #.#.### ### *
, #, ,
....#P#####.####### ,...
,
...+........P##...#P....
, ,
....#####.#.....@l......
, ...## #.##......P.....
, #### ####.######P....
, ### .... , #.# ** * .
**** * ,


You could see a komodo dragon.

Vanquished Creatures
  A spiny frog (Lair:1)
  A komodo dragon (Lair:2)
  2 hippogriffs
  A basilisk (Lair:1)
  4 water moccasins
  4 orc warriors
  An ice beast (D:8)
  3 black bears (D:7)
  A sky beast (D:8)
  2 phantoms
  4 ogres
  8 centaurs
  2 crocodiles (Lair:1)
  2 wyvern zombies (D:8)
  Blork the orc (D:5)
  8 bullfrogs
  A water moccasin zombie (D:6)
  A water moccasin skeleton (D:7)
  3 scorpions
  3 killer bees (D:8)
  A howler monkey (D:4)
  2 crimson imps
  A bullfrog zombie (D:6)
  3 hounds
  A centaur zombie (D:7)
  3 jellies
  2 centaur skeletons
  8 orc priests
  A bullfrog skeleton (D:7)
  8 orc wizards
  2 worker ants
  A hound skeleton (D:4)
  A worker ant zombie (D:6)
  3 gnolls (D:7)
  7 adders
  2 howler monkey skeletons
  2 shadow imps
  An ooze (D:4)
  A worm (D:2)
  A dart slug (D:1)
  3 leopard geckos
  42 orcs
  3 ball pythons
  5 giant cockroaches
  9 hobgoblins
  8 jackals
  6 kobolds
  2 quokkas (D:3)
  7 bats
  7 frilled lizards
  6 goblins
  3 rats
  3 fungi (Lair:2)
208 creatures vanquished.

Vanquished Creatures (others)
  2 fungi (Lair:2)
2 creatures vanquished.

Grand Total: 210 creatures vanquished

Notes
Turn   | Place    | Note
-------+----------+-------------------------------------------
     0 | D:1      | poirepourri the Deep Dwarf Fighter began the quest for the Orb.
     0 | D:1      | Reached XP level 1. HP: 20/20 MP: 1/1
   112 | D:1      | Reached skill level 3 in Axes
   144 | D:1      | Reached XP level 2. HP: 22/27 MP: 2/2
   335 | D:2      | Reached skill level 4 in Axes
   335 | D:2      | Reached XP level 3. HP: 25/33 MP: 3/3
   469 | D:2      | Noticed a water elemental
   471 | D:2      | Found a stormy altar of Qazlal.
   473 | D:2      | Noticed a fire elemental
   474 | D:2      | Noticed an air elemental
   474 | D:2      | Noticed an earth elemental
  1011 | D:3      | Reached XP level 4. HP: 37/40 MP: 3/3
  1016 | D:3      | Reached skill level 5 in Axes
  1350 | D:3      | Reached XP level 5. HP: 46/46 MP: 4/4
  1408 | D:3      | Reached skill level 6 in Axes
  1614 | D:3      | Found a sparkling altar of Nemelex Xobeh.
  1614 | D:3      | Found an opulent altar of Gozag.
  1676 | D:4      | Noticed an ice beast
  1676 | D:4      | Noticed Hepliaklqana's ghost (novice MiFi)
  1895 | D:4      | Found a runed gate.
  1895 | D:4      | Found a runed gate.
  1895 | D:4      | Found a runed gate.
  2056 | D:4      | Reached skill level 7 in Axes
  2056 | D:4      | Reached XP level 6. HP: 41/55 MP: 4/4
  2224 | D:4      | Reached skill level 8 in Axes
  2250 | D:4      | Found a shattered altar of Ashenzari.
  2314 | D:4      | Reached XP level 7. HP: 38/61 MP: 4/4
  2613 | D:5      | Entered Level 5 of the Dungeon
  2622 | D:5      | Found a staircase to the Ecumenical Temple.
  2644 | D:5      | Reached skill level 9 in Axes
  2697 | D:5      | Noticed Blork the orc
  2702 | D:5      | Killed Blork the orc
  2735 | D:5      | Reached skill level 10 in Axes
  2740 | D:5      | Reached XP level 8. HP: 28/68 MP: 5/5
  3243 | Temple   | Entered the Ecumenical Temple
  3296 | Temple   | Became a worshipper of Makhleb the Destroyer
  3366 | D:6      | Reached skill level 11 in Axes
  3494 | D:6      | Got a faintly humming ring mail
  3512 | D:6      | Identified the +1 ring mail of Absolutism {MR++ Str+4 Int-2} (You found it on level 6 of the Dungeon)
  3732 | D:6      | Reached skill level 12 in Axes
  3786 | D:6      | Found Ekhlaj's Antique Armour Emporium.
  3795 | D:6      | Bought an ichor-stained helmet for 256 gold pieces
  3805 | D:6      | Identified the +0 helmet of Zakhauha {rN+ Regen+ Int+2 SInv} (You bought it in a shop on level 6 of the Dungeon)
  3985 | D:7      | Gained mutation: You passively map the area around you. [Deep Dwarf growth]
  3985 | D:7      | Reached XP level 9. HP: 46/74 MP: 6/6
  4006 | D:7      | Reached * piety under Makhleb
  4055 | D:7      | Reached skill level 13 in Axes
  4067 | D:7      | Found a bloodstained altar of Trog.
  4207 | D:7      | Found a hazy altar of Hepliaklqana.
  4294 | D:7      | Reached skill level 14 in Axes
  4311 | D:7      | Found a sand-covered staircase.
  4533 | D:8      | Reached ** piety under Makhleb
  4675 | D:8      | Found a staircase to the Lair.
  4733 | D:8      | Reached skill level 5 in Fighting
  4737 | D:8      | Reached XP level 10. HP: 43/88 MP: 7/7
  4920 | Lair:1   | Entered Level 1 of the Lair of Beasts
  5218 | Lair:1   | Noticed a spiny frog
  5236 | Lair:1   | Killed a spiny frog
  5639 | Lair:2   | Noticed a seven-headed hydra
  5768 | Lair:2   | Slain by a komodo dragon

Skill      XL: |  1  2  3  4  5  6  7  8  9 10 |
---------------+-------------------------------+-----
Axes           | 3 4 5 7 8 10 12 14 | 14.2
Fighting       | 5 8 |  8.2
Armour         | |  3.2
Shields        | |  3.2

Action                   |  1- 3 |  4- 6 |  7- 9 | 10-12 || total
-------------------------+-------+-------+-------+-------++-------
Melee: War axe           |   144 |   184 |   343 |   117 ||   788
 Abil: Heal Wounds       |     1 |     6 |    11 |     6 ||    24
Evoke: Wand              |       |       |    12 |     4 ||    16
  Use: Scroll            |     9 |     8 |     3 |     5 ||    25
       Potion            |       |     1 |     8 |     1 ||    10
  Eat: Ration            |     1 |     2 |     1 |     2 ||     6
Armor: Scale mail        |    71 |    89 |    36 |       ||   196
       Ring mail         |       |       |    79 |    28 ||   107
Dodge: Dodged            |    48 |    42 |    95 |    22 ||   207
Block: Shield            |    72 |   101 |   212 |    71 ||   456
